 Dungeon Crawl Stone Soup version 0.20.0-15-g7f486f2 (webtiles) character file.

67 Merkmirnix the Skirmisher (level 4, -2/61 HPs)
             Began as a Hill Orc Fighter on July 1, 2017.
             Slain by Natasha (3 damage)
             ... on level 2 of the Dungeon.
             The game lasted 00:05:55 (1391 turns).

Merkmirnix the Skirmisher (Hill Orc Fighter)        Turns: 1391, Time: 00:05:55

Health: -2/61      AC:  7    Str: 24    XL:     4   Next: 16%
Magic:  4/4        EV:  7    Int:  8    God:
Gold:   33         SH:  9    Dex: 10    Spells: 3/3 levels left

rFire    . . .     SeeInvis .   a - +0 war axe
rCold    . . .     Gourm    .   c - +0 shield
rNeg     . . .     Faith    .   b - +0 scale mail
rPois    .         Spirit   .   (no helmet)
rElec    .         Reflect  .   (no cloak)
rCorr    .         Harm     .   (no gloves)
MR       .....                  (no boots)
Stlth    ..........             (no amulet)
Regen    0.2/turn               (no ring)
MPRegen  0.1/turn               (no ring)

@: berserking, very slightly contaminated, hasted, invisible, very quick
A: no striking features
a: no special abilities


You were on level 2 of the Dungeon.
You were hungry.

You visited 1 branch of the dungeon, and saw 2 of its levels.

You collected 33 gold pieces.

Inventory:

Hand Weapons
 a - a +0 war axe (weapon)
Armour
 b - a +0 scale mail (worn)
 c - a +0 shield (worn)
Scrolls
 g - 3 scrolls of remove curse {unknown}
 k - a scroll of immolation {unknown}
 o - a scroll of identify {unknown}
Potions
 d - a potion of might
 e - a potion of degeneration {unknown}
 h - a potion of haste
 l - a potion of berserk rage
 m - 2 potions of mutation {unknown}
 p - a potion of curing {unknown}
Comestibles
 f - a bread ration
 i - 3 fruits
 n - a royal jelly


   Skills:
 + Level 4.4 Fighting
 + Level 3.5 Axes
 + Level 4.1 Armour
 + Level 0.2 Dodging
 + Level 3.4 Shields


You had 3 spell levels left.
You didn't know any spells.

Dungeon Overview and Level Annotations

Branches:
Dungeon (2/15)

Altars:

Annotations:
D:2 Natasha


Message History

You closely miss Natasha.
Natasha is severely wounded.
You hit the dart slug.
You kill the dart slug!
You hit the iron imp. The iron imp hits you.
* * * LOW HITPOINT WARNING * * *
Natasha wildly gestures.
You feel troubled. You block Natasha's attack.
The kobold hits you but does no damage.
It was a potion of haste.
You feel yourself speed up.
The adder hisses angrily.
The iron imp closely misses you. Natasha completely misses you.
The kobold hits you but does no damage.
The hobgoblin throws a stone.
The stone misses the kobold.
It was a potion of berserk rage.
A red film seems to cover your vision as you go berserk!
You feel yourself moving faster!
You feel mighty!
The adder hisses angrily.
Natasha claws you.
You die...

#####. ... ###. ##.....
#.... .... ........ #..S.
.............. #...
.............. #... g.....
........ #..##S.....
........
#..hKb.......##..... #..@#
.....#.##..... ##..5#
#.............
##....##.....#.##.....
#........#............
#....######...........
#####....## #..........
#......(..### #..........
#...........####.....####.
#.........#...##..........


You could see an iron imp, Natasha, an adder (wandering), a hobgoblin, a bat and
a kobold.

Vanquished Creatures
  3 adders (D:2)
  2 dart slugs
  A ball python (D:1)
  3 giant cockroaches
  2 goblins
  4 hobgoblins (D:1)
  3 jackals (D:2)
  5 bats (D:1)
  4 frilled lizards (D:1)
  4 kobolds
  3 rats (D:1)
34 creatures vanquished.

Notes
Turn   | Place    | Note
-------+----------+-------------------------------------------
     0 | D:1      | Merkmirnix the Hill Orc Fighter began the quest for the Orb.
     0 | D:1      | Reached XP level 1. HP: 19/19 MP: 1/1
   251 | D:1      | Reached XP level 2. HP: 27/27 MP: 2/2
   756 | D:1      | Reached XP level 3. HP: 31/33 MP: 3/3
  1363 | D:2      | Reached XP level 4. HP: 21/41 MP: 4/4
  1381 | D:2      | Noticed Natasha
  1386 | D:2      | HP: 2/41 [dart slug (1)]
  1391 | D:2      | Slain by Natasha

Skill      XL: |  1  2  3 |
---------------+----------+-----
Fighting       | 4 |  4.4
Axes           | 3 |  3.5
Armour         | 4 |  4.1
Dodging        | |  0.2
Shields        | |  3.4

Action                   |  1- 3 |  4- 6 || total
-------------------------+-------+-------++-------
Melee: War axe           |   123 |     4 ||   127
  Use: Potion            |       |     3 ||     3
  Eat: Chunk             |     1 |       ||     1
Armor: Scale mail        |    93 |     6 ||    99
Dodge: Dodged            |    64 |     3 ||    67
Block: Shield            |    88 |     3 ||    91
